 Dungeon Crawl Stone Soup version 0.29-a0-330-g52719c12eb (webtiles) character file.

Game seed: 8915824047293401009

49 ratapwnz the Ruffian (level 3, 0/28 HPs)
             Began as a Demigod Transmuter on May 12, 2022.
             Slain by a gnoll
             ... wielding a +0 whip
              (4 damage)
             ... on level 2 of the Dungeon.
             The game lasted 00:13:05 (1277 turns).

ratapwnz the Ruffian (Demigod Transmuter)           Turns: 1277, Time: 00:13:05

Health: 0/28       AC:  6    Str: 14 (15) XL:     3   Next: 33%
Magic:  8/8        EV:  9    Int: 12 (15) God:
Gold:   65         SH:  0    Dex: 14      Spells: 4/5 levels left

rFire   . . .      SeeInvis .   g - +3 short sword
rCold   . . .      Faith    .   (no shield)
rNeg    . . .      Spirit   .   i - +0 scale mail
rPois   .          Reflect  .   (no helmet)
rElec   .          Harm     .   (no cloak)
rCorr   .          Rampage  .   (no gloves)
Will    .....                   (no boots)
Stlth   ..........              (no amulet)
HPRegen 0.09/turn               (no ring)
MPRegen 0.11/turn               (no ring)

@: brilliant, weak-willed, hasted, very quick
A: high MP 1, forlorn, divine attributes, deterioration 1, mutation resistance
1, sense surroundings 1, screaming 1
a: no special abilities


You were on level 2 of the Dungeon.
You visited 1 branch of the dungeon, and saw 2 of its levels.

You collected 65 gold pieces.

Inventory:

Hand Weapons
 g - a +3 short sword (weapon)
Armour
 i - a +0 scale mail (worn)
Wands
 a - a wand of mindburst (16)
Scrolls
 e - a scroll of noise
Potions
 b - a potion of lignification


   Skills:
 + Level 1.1 Fighting
 * Level 1.7 Short Blades
 * Level 1.0 Armour
 + Level 2.1 Dodging
 - Level 3.0 Unarmed Combat
 - Level 1.7 Spellcasting
 - Level 1.7 Transmutations


You had 4 spell levels left.
You knew the following spells:

 Your Spells              Type           Power      Damage    Failure   Level
a - Beastly Appendage     Tmut           14%        N/A       52%         1

Your spell library contained the following spells:

 Spells                   Type           Power      Damage    Failure   Level
 Wereblood                Tmut           7%         N/A       65%         2
 Spider Form              Tmut/Pois      4%         N/A       95%         3
 Ice Form                 Ice/Tmut       4%         N/A       100%        4


Dungeon Overview and Level Annotations

Branches:
Dungeon (2/15)

Annotations:
D:2 Terence


Innate Abilities, Weirdness & Mutations

You have an increased reservoir of magic. (+10% MP)
You shall have no god before yourself.
Your divine heritage dramatically boosts your attributes as you level up.
Your body sometimes deteriorates upon taking damage.
You are somewhat resistant to further mutation.
You passively map a small area around you.
You occasionally shout uncontrollably at your foes.


Message History

A gnoll comes into view. It is wielding a +0 club.
Found five items.
Found a faded altar of an unknown god.
Found a stone staircase leading down.
The gnoll shouts!
a - a smoky amethyst potion It was a potion of haste.
You feel yourself speed up.
It was a potion of brilliance.
You feel clever all of a sudden.
You see here a wand of mindburst (19).
a - a wand of mindburst (19) Unknown command.
Hit: g) +3 short sword
Press: ? - help, Dir - move target, f - you
Okay, then.
Aiming: Mindburst
Press: ? - help, Q - select action, (/) - cycle Shift-Dir - straight line Nothing appears to happen.
Aiming: Mindburst
Press: ? - help, Q - select action, (/) - cycle Shift-Dir - straight line, f - gnoll
Aim: a gnoll, wielding a +0 club (chance to affect: 72%)
The gnoll's mind is blasted!
You hear a shout!
Aiming: Mindburst
Press: ? - help, Q - select action, (/) - cycle Shift-Dir - straight line, f/p - gnoll
Aim: a gnoll, wielding a +0 club (almost dead, chance to affect: 72%)
The gnoll's mind is blasted!
You blow up the gnoll!
You hear a shout!
You feel your dexterity returning.
A gnoll comes into view. It is wielding a +0 spear.
A gnoll comes into view. It is wielding a +0 whip.
The gnoll shouts! x2
The gnoll hits you from afar with a +0 spear.
* * * LOW HITPOINT WARNING * * *
The gnoll hits you but does no damage.
You barely miss the gnoll. You hit the gnoll.
The gnoll is lightly wounded.
The gnoll barely misses you. The gnoll hits you with a +0 whip.
You die...

..#...............# ... *
#.######........$.####...
# *...!.....>!§..§.. ,
#####.......§§.§.. ,
#...........§§g...
#.............#,
#............# *
#.......gg####
#........@# ** *
#.........# #........)# *
#.........# #.........#
#.........# ###########


You could see 2 gnolls.

Vanquished Creatures
  A gnoll (D:2)
  A worm (D:2)
  A dart slug (D:2)
  6 ball pythons (D:1)
  3 endoplasms (D:1)
  A giant cockroach (D:1)
  3 goblins
  5 hobgoblins
  3 kobolds (D:1)
  2 quokkas (D:1)
  4 bats (D:1)
  3 rats
33 creatures vanquished.

Notes
Turn   | Place    | Note
-------+----------+-------------------------------------------
     0 | D:1      | ratapwnz the Demigod Transmuter began the quest for the
                  | Orb.
     0 | D:1      | Reached XP level 1. HP: 15/15 MP: 5/5
    16 | D:1      | Noticed a minotaur skeleton
    23 | D:1      | Noticed a minotaur skeleton
    42 | D:1      | Reached skill level 3 in Unarmed Combat
    96 | D:1      | Gained mutation: You passively map a small area around you.
                  | [potion of mutation]
    96 | D:1      | Gained mutation: Your body sometimes deteriorates upon
                  | taking damage. [potion of mutation]
    96 | D:1      | Gained mutation: You occasionally shout uncontrollably at
                  | your foes. [potion of mutation]
    96 | D:1      | Gained mutation: You are somewhat resistant to further
                  | mutation. [potion of mutation]
   409 | D:1      | Reached XP level 2. HP: 21/22 MP: 7/7
   676 | D:1      | Reached skill level 1 in Fighting
  1019 | D:1      | Reached skill level 1 in Short Blades
  1213 | D:2      | Reached XP level 3. HP: 28/28 MP: 8/8
  1219 | D:2      | Reached skill level 1 in Armour
  1226 | D:2      | Noticed Terence
  1277 | D:2      | Slain by a gnoll

Illustrated notes

Levels and vault maps discovered:
D:1:      shiori_arrival_whats_in_store_for_you, layout_loops_ring
D:2:      layout_basic, basic_altar, ebering_ecumenical_altar_mist,
          hangedman_decor_slide_cut, uniq_terence

Skill      XL: |  1  2  3 |
---------------+----------+-----
Unarmed Combat | 3 |  3.0
Dodging        | 2 |  2.1
Fighting       | 1 |  1.1
Short Blades   | 1 |  1.7
Armour         | 1 |  1.0
Spellcasting   | |  1.7
Transmutations | |  1.7

Action                   || total
-------------------------++-------
Melee: Short sword       ||    89
       Unarmed           ||     4
       Club              ||     3
       Punch             ||     1
Evoke: Wand              ||     3
  Use: Potion            ||     4
       Scroll            ||     4
Armor: Leather armour    ||     9
       Scale mail        ||    13
Dodge: Dodged            ||    57

Table legend: (Time is in decaauts)
 A = Elapsed time spent in this place.
 B = Non-inter-level travel time spent in this place.
 C = Inter-level travel time spent in this place.
 D = Time resting spent in this place.
 E = Time spent auto-exploring this place.
 F = Levels seen in this place.
 G = Mean time per level.
                   A        B        C        D        E       F      G
               +--------+--------+--------+--------+--------+-----+--------+
         Total |   1277 |   1221 |     56 |      0 |    671 |   2 |  638.5 |
       Dungeon |   1277 |   1221 |     56 |      0 |    671 |   2 |  638.5 |
               +--------+--------+--------+--------+--------+-----+--------+

Top non-repeatable levels by time:
     D:1: 1209 daAuts
     D:2: 67 daAuts
